 Dungeon Crawl Stone Soup version 0.32-a0-675-gdc239d62e1 (webtiles) character file.

Game seed: 2939041682837615938

64 gimp the Insei (level 3, 0/43 HPs)
             Began as a Demigod Shapeshifter on Mar 11, 2024.
             Slain by a gnoll
             ... wielding a +0 club
              (3 damage)
             ... on level 2 of the Dungeon.
             The game lasted 00:01:54 (1175 turns).

gimp the Insei (Demigod Shapeshifter)               Turns: 1175, Time: 00:01:54

Health: 0/43       AC: 21    Str: 15    XL:     3   Next: 64%
Magic:  5/5        EV:  2    Int: 12    God:
Gold:   64         SH:  0    Dex: 17    Spells: 2/2 levels left

rFire   . .          .
                       - Unarmed
rCold   . . .        (no shield)
rNeg    . . .        a - melded +0 animal skin
rPois   +            (helmet currently unavailable)
rElec   .            (cloak currently unavailable)
rCorr   .            (gloves currently unavailable)
SInv    .            (boots currently unavailable)
Will    .....        (no amulet)
Stlth   ++           (no ring)
HPRegen 0.27/turn    (no ring)
MPRegen 0.09/turn

%: no passive effects
@: tree-form
A: stationary, stasis, torment immunity, boosted hp, high MP 1, forlorn, divine
attributes
a: no special abilities


You were on level 2 of the Dungeon.
You were a tree.
You visited 1 branch of the dungeon, and saw 2 of its levels.

You collected 64 gold pieces.

Inventory:

Armour
 a - a +0 animal skin (melded)
Talismans
 c - a beast talisman (active)
 d - a flux talisman
Scrolls
 f - 3 scrolls of revelation {unknown}
 g - a scroll of fear {unknown}
 h - 2 scrolls of identify {unknown}
 i - a scroll of enchant armour {unknown}
 k - a scroll of teleportation {unknown}
 l - a scroll of blinking {unknown}
 m - a scroll of immolation {unknown}
 n - a scroll of brand weapon {unknown}
Potions
 b - 2 potions of lignification
 e - a potion of curing {unknown}
 j - a potion of attraction {unknown}
 o - a potion of heal wounds {unknown}


   Skills:
 + Level 2.0 Fighting
 - Level 1.7 Dodging
 * Level 3.9 Unarmed Combat
 - Level 2.6 Shapeshifting


You had 2 spell levels left.
You didn't know any spells.
Your spell library contained the following spells:

 Spells                   Type           Power      Damage    Failure   Level
 Blink                    Tloc           0%         N/A       45%         2
 Lesser Beckoning         Tloc           0%         N/A       45%         2
 Momentum Strike          Conj/Tloc      0%         3d8       45%         2


Dungeon Overview and Level Annotations

Branches:
Dungeon (2/15)

Shops:
D:1 :


Innate Abilities, Weirdness & Mutations

You are a tree.
Your roots penetrate the ground, keeping you stationary.
You cannot be teleported.
You are immune to unholy pain and torment.
Your maximum health is greatly increased.
Your equipment is partially melded.
You have an increased reservoir of magic. (+10% MP)
You shall have no god before yourself.
Your divine heritage dramatically boosts your attributes as you level up.


Message History

Your Fighting skill increases to level 2!
No target in view!
No target in view!
Found 5 stones.
You see here 5 stones.
An endoplasm comes into view.
The endoplasm quivers.
The endoplasm completely misses you.
You hit the endoplasm.
The endoplasm is moderately wounded.
The endoplasm misses you.
You hit the endoplasm.
You kill the endoplasm!
No target in view!
A rat comes into view.
The rat squeaks loudly.
A rat is nearby!
You hit the rat.
You kill the rat!
No target in view!
No target in view!
Found a stone staircase leading down.
Found a stone staircase leading up.
An endoplasm comes into view.
Found a scroll labelled GABLARCHAPO.
An endoplasm is nearby!
Found an escape hatch in the floor.
The endoplasm quivers.
The endoplasm hits you.
You take 1 damage, and have 28/29 hp.
You hit the endoplasm.
You kill the endoplasm!
No target in view!
No target in view!
There is an escape hatch in the floor here.
l - a scroll labelled GABLARCHAPO Health restored: 29
m - a scroll labelled XAAZUD SEOXKOU You now have 64 gold pieces (gained 2).
n - a scroll labelled WOADAR GOAN
o - a yellow potion As you open the door, it creaks loudly!
You hear a shout!
You hear a bark!
A jackal comes into view.
There is an open door here.
You open the door.
A jackal comes into view.
The jackal completely misses you.
Found a faded altar of an unknown god.
You closely miss the jackal. The jackal barely misses you.
A gnoll opens the door.
Found a leather armour.
You hit the jackal.
The jackal is severely wounded.
The jackal barely misses you.
You barely miss the jackal.
The jackal is severely wounded.
The jackal barely misses you. The jackal bites you. x2
The gnoll hits you but does no damage. The jackal misses you.
You take 3 damage, and have 26/29 hp.
You hit the jackal.
You kill the jackal!
The jackal bites you. The gnoll hits you with a +0 club!
You take 8 damage, and have 18/29 hp.
MASSIVE DAMAGE!!
The jackal bites you. The gnoll closely misses you.
You take 3 damage, and have 15/29 hp.
The jackal misses you. The gnoll misses you.
The jackal attacks as it pursues you! The jackal bites you.
A gnoll opens the door.
You take 2 damage, and have 14/29 hp.
You are too injured to fight recklessly!
You are too injured to fight recklessly!
You hit the jackal.
The jackal is heavily wounded.
The jackal bites you. x2
You take 4 damage, and have 10/29 hp.
You hit the jackal.
You kill the jackal!
The gnoll hits you with a +0 club.
* * * LOW HITPOINT WARNING * * *
You take 5 damage, and have 6/29 hp.
You closely miss the gnoll. The gnoll hits you with a +0 club.
* * * LOW HITPOINT WARNING * * *
You take 3 damage, and have 3/29 hp.
You punch the gnoll!
The gnoll is heavily wounded.
The gnoll hits you with a +0 club.
* * * LOW HITPOINT WARNING * * *
You take 2 damage, and have 1/29 hp.
Your transformation has ended.
You turn into a tree.
Your +0 animal skin melds into your body.
Your roots penetrate the ground.
The gnoll hits you but does no damage.
You now have 2/43 hp.
You closely miss the gnoll.
The gnoll is heavily wounded.
The gnoll hits you but does no damage.
You barely miss the gnoll.
The gnoll is heavily wounded.
The gnoll hits you with a +0 club.
You die...

#.# #.
#...#......#
####### #.#
#.###.#.......##
#.(...# #.#
#...#...#......#
#.###.#####.#
#...##.##......>
..# #.......#
#..##.####.###.
#.###.#######
##..##.# #.# #.
#.....# #.#....#
#.# #. #######
##########..####
#.# #.
#......♣g.....#
#.# #.
#.#.####'''++.#
.. .# #.'+'+ .#
#. .# #[..++_+ #
..
##########.#.#.#.
+++ ##
.............# #
.g.gg..###...#
######## .....g#
..##.# ..g....


You could see a gnoll.

Vanquished Creatures
  2 gnolls
  4 endoplasms
  2 goblins (D:1)
  2 hobgoblins
  9 jackals
  5 kobolds (D:1)
  2 quokkas (D:1)
  3 ball pythons (D:1)
  2 bats
  3 frilled lizards
  7 rats
41 creatures vanquished.

Notes
Turn   | Place    | Note
-------+----------+-------------------------------------------
     0 | D:1      | gimp the Demigod Shapeshifter began the quest for the Orb.
     0 | D:1      | Reached XP level 1. HP: 15/15 MP: 3/3
    21 | D:1      | Reached skill level 1 in Fighting
    29 | D:1      | Reached skill level 3 in Unarmed Combat
   106 | D:1      | Reached XP level 2. HP: 11/23 MP: 4/4
   359 | D:1      | Found Raune's Book Shop.
   541 | D:1      | Reached XP level 3. HP: 25/29 MP: 5/5
  1172 | D:2      | HP: 1/29 [gnoll/+0 club (2)]
  1175 | D:2      | Slain by a gnoll

Illustrated notes

Levels and vault maps discovered:
D:1:      beargit_arrival_greenhouse, layout_rooms, serial_shops, shop,
          minmay_tromino_v4_c
D:2:      layout_loops_ring, serial_aquarium, aquarium_bridge_square
          [aquarium_subvault_bridge, aquarium_subvault_wall,
          aquarium_subvault_balcony, aquarium_subvault_wall],
          aquarium_bridge_straight [aquarium_subvault_bridge,
          aquarium_subvault_window, aquarium_subvault_bridge,
          aquarium_subvault_wall], aquarium_window_1, aquarium_window_fake,
          aquarium_view_2b, aquarium_view_2b, aquarium_balcony_3a,
          hellmonk_ecumenical_altar_heavens_door

Skill      XL: |  1  2  3 |
---------------+----------+-----
Fighting       | 1 2 |  2.0
Unarmed Combat | 3 |  3.9
Dodging        | |  1.7
Shapeshifting  | |  2.6

Action                     || total
---------------------------++-------
  Melee: Unarmed           ||   121
         Punch             ||     1
    Use: Potion            ||     1
   Stab: Sleeping          ||     3
 Armour: Animal skin       ||    69
         Skin              ||     3
  Dodge: Dodged            ||    83

Table legend: (Time is in decaauts)
 A = Elapsed time spent in this place.
 B = Non-inter-level travel time spent in this place.
 C = Inter-level travel time spent in this place.
 D = Time resting spent in this place.
 E = Time spent auto-exploring this place.
 F = Levels seen in this place.
 G = Mean time per level.
                   A        B        C        D        E       F      G
               +--------+--------+--------+--------+--------+-----+--------+
         Total |   1168 |   1153 |     15 |      3 |    828 |   2 |  584.0 |
       Dungeon |   1168 |   1153 |     15 |      3 |    828 |   2 |  584.0 |
               +--------+--------+--------+--------+--------+-----+--------+

Top non-repeatable levels by time:
     D:1: 713 daAuts
     D:2: 454 daAuts
